TOP OF THE 1ST |
Memphis Redbirds batting - Pitching for Reno Aces : RHP Roberto Preciado
|
Pitching: RHP Roberto Preciado
|
|
Batting: RHB Nick Gentzel
|
0-0: Swinging Strike 0-1: Called Strike 0-2: Strikes out looking and he ARGUES THE CALL AND IS TOSSED!
|
Batting: RHB Tim Nettles
|
0-0: Ball 1-0: Called Strike 1-1: Ball 2-1: SOLO HOME RUN (Flyball, 7LD, EV 91.2 MPH), Distance : 356 ft
|
Batting: RHB Pavpv Ivanushkin
|
0-0: Ball 1-0: Ball 2-0: Ball 3-0: Base on Balls
|
Batting: RHB Terry Baginski
|
0-0: Ball 1-0: Ball 2-0: Called Strike 2-1: Grounds into double play, 3-6-3 (Groundball, 3, EV 80.6 MPH)
|
Top of the 1st over - 1 run, 1 hit, 0 errors, 0 left on base; Memphis 1 - Reno 0 |
BOTTOM OF THE 1ST |
Reno Aces batting - Pitching for Memphis Redbirds : LHP John Fisher
|
Pitching: LHP John Fisher
|
|
Now in LF: Ken Compton
|
|
Now in RF: Shigeru Ono
|
|
Batting: RHB Joe Smack
|
0-0: Ball 1-0: Fly out, F3 (Flyball, 3D, EV 89.4 MPH)
|
Batting: RHB Scott Travis
|
0-0: Ball 1-0: Called Strike 1-1: Ball 2-1: Ball 3-1: Base on Balls
|
Batting: RHB Alex Vasquez
|
0-0: Ball 1-0: SINGLE (Groundball, 56S, EV 67.5 MPH) (infield hit) Scott Travis to second
|
Batting: LHB Chris Escobar
|
0-0: Called Strike 0-1: SINGLE (Groundball, 56D, EV 100.0 MPH) Scott Travis to third Alex Vasquez to second Runner from 3rd tries for Home, SAFE, throw by LF to home
|
Batting: LHB Steve Reinhart
|
0-0: Ball 1-0: SINGLE (Groundball, 25, EV 64.4 MPH) (infield hit) Alex Vasquez to third Chris Escobar to second
|
Batting: SHB Troy Maynard
|
0-0: Foul Ball, location: 2F 0-1: Ball 1-1: Ball 2-1: Swinging Strike 2-2: Strikes out swinging
|
Batting: RHB John Gray
|
0-0: Foul Ball, location: 2F 0-1: Called Strike 0-2: Foul Ball, location: 2F 0-2: Strikes out looking
|
Bottom of the 1st over - 1 run, 3 hits, 0 errors, 3 left on base; Memphis 1 - Reno 1 |
TOP OF THE 2ND |
Memphis Redbirds batting - Pitching for Reno Aces : RHP Roberto Preciado
|
Batting: SHB Quido van Erp
|
0-0: Foul Ball, location: 2F 0-1: Swinging Strike 0-2: DOUBLE (Flyball, 9LD, EV 100.6 MPH)
|
Batting: RHB Travis Leonard
|
0-0: Fly out, F8 (Flyball, 8RM, EV 78.1 MPH)
|
Batting: LHB Shigeru Ono
|
0-0: Called Strike Quido van Erp steals 3rd base 0-1: Called Strike 0-2: Ball 1-2: Ground out 3-1 (Groundball, 34, EV 90.6 MPH) Quido van Erp scores
|
Batting: RHB Dan Boykins
|
0-0: Called Strike 0-1: Ball 1-1: Ball 2-1: Foul Ball, location: 2F 2-2: Fly out, F9 (Flyball, 9LD, EV 83.1 MPH)
|
Top of the 2nd over - 1 run, 1 hit, 0 errors, 0 left on base; Memphis 2 - Reno 1 |
BOTTOM OF THE 2ND |
Reno Aces batting - Pitching for Memphis Redbirds : LHP John Fisher
|
Batting: RHB Tai Joo
|
0-0: Foul Ball, location: 2F 0-1: Ball 1-1: Ground out U3 (Groundball, 3, EV 103.1 MPH)
|
Batting: RHB Paul Van Gilder
|
0-0: Swinging Strike 0-1: Ball 1-1: Foul Ball, location: 2F 1-2: SOLO HOME RUN (Flyball, 78XD, EV 104.4 MPH), Distance : 414 ft
|
Batting: RHB Joe Smack
|
0-0: Ball 1-0: Foul Ball, location: 2F 1-1: Foul Ball, location: 2F 1-2: Ball 2-2: Foul Ball, location: 2F 2-2: Foul Ball, location: 2F 2-2: Fly out, F9 (Flyball, 9S, EV 89.4 MPH)
|
Batting: RHB Scott Travis
|
0-0: Ball 1-0: Foul Ball, location: 2F 1-1: TRIPLE (Flyball, 78XD, EV 102.5 MPH)
|
Batting: RHB Alex Vasquez
|
0-0: Ball 1-0: Ball 2-0: Called Strike 2-1: Fly out, F7 (Flyball, 78M, EV 91.9 MPH)
|
Bottom of the 2nd over - 1 run, 2 hits, 0 errors, 1 left on base; Memphis 2 - Reno 2 |
TOP OF THE 3RD |
Memphis Redbirds batting - Pitching for Reno Aces : RHP Roberto Preciado
|
Batting: RHB Mark Cahill
|
0-0: DOUBLE (Line Drive, 9LS, EV 106.9 MPH)
|
Batting: LHB Ken Compton
|
0-0: Ball 1-0: Foul Ball, location: 2F 1-1: Ball 2-1: Ball 3-1: Swinging Strike 3-2: Reached on error, E1 (Groundball, 15S, EV 71.9 MPH) Mark Cahill scores
|
Batting: RHB Tim Nettles
|
0-0: Called Strike 0-1: Foul Ball, location: 2F 0-2: Ball 1-2: Foul Ball, location: 2F 1-2: Ball 2-2: Foul Ball, location: 2F 2-2: Ball 3-2: Ground out 6-3 (Groundball, 6M, EV 84.4 MPH) Ken Compton to third
|
Batting: RHB Pavpv Ivanushkin
|
0-0: Fly out, F8 (Line Drive, 8LD, EV 90.0 MPH)
|
Batting: RHB Terry Baginski
|
0-0: Ball 1-0: Called Strike 1-1: Swinging Strike 1-2: Foul Ball, location: 2F 1-2: Ball 2-2: Strikes out looking
|
Top of the 3rd over - 1 run, 1 hit, 1 error, 1 left on base; Memphis 3 - Reno 2 |
BOTTOM OF THE 3RD |
Reno Aces batting - Pitching for Memphis Redbirds : LHP John Fisher
|
Batting: LHB Chris Escobar
|
0-0: Ball 1-0: Swinging Strike 1-1: Foul Ball, location: 2F 1-2: Ball 2-2: Foul Ball, location: 2F 2-2: Strikes out looking
|
Batting: LHB Steve Reinhart
|
0-0: Ball 1-0: Ball 2-0: Called Strike 2-1: Foul Ball, location: 2F 2-2: Foul Ball, location: 2F 2-2: Strikes out swinging
|
Batting: SHB Troy Maynard
|
0-0: Ball 1-0: Ball 2-0: Ball 3-0: Base on Balls
|
Batting: RHB John Gray
|
0-0: SINGLE (Line Drive, 3D, EV 98.8 MPH) Troy Maynard to second Runner from 2nd tries for 3rd, OUT! 9-5
|
Bottom of the 3rd over - 0 runs, 1 hit, 0 errors, 1 left on base; Memphis 3 - Reno 2 |
TOP OF THE 4TH |
Memphis Redbirds batting - Pitching for Reno Aces : RHP Roberto Preciado
|
Batting: SHB Quido van Erp
|
0-0: SINGLE (Line Drive, 89S, EV 90.0 MPH)
|
Batting: RHB Travis Leonard
|
0-0: Grounds into double play, 4-6-3 (Groundball, 34, EV 96.9 MPH)
|
Batting: LHB Shigeru Ono
|
0-0: Foul Ball, location: 2F 0-1: Ball 1-1: Fly out, F8 (Flyball, 8LD, EV 102.5 MPH)
|
Top of the 4th over - 0 runs, 1 hit, 0 errors, 0 left on base; Memphis 3 - Reno 2 |
BOTTOM OF THE 4TH |
Reno Aces batting - Pitching for Memphis Redbirds : LHP John Fisher
|
Batting: RHB Tai Joo
|
0-0: Called Strike 0-1: Ball 1-1: Foul Ball, location: 2F 1-2: Strikes out swinging
|
Batting: RHB Paul Van Gilder
|
0-0: Ball 1-0: Called Strike 1-1: Called Strike 1-2: Ball 2-2: Ball 3-2: Strikes out swinging
|
Batting: RHB Joe Smack
|
0-0: Ball 1-0: Called Strike 1-1: Foul Ball, location: 2F 1-2: Strikes out looking
|
Bottom of the 4th over - 0 runs, 0 hits, 0 errors, 0 left on base; Memphis 3 - Reno 2 |
TOP OF THE 5TH |
Memphis Redbirds batting - Pitching for Reno Aces : RHP Roberto Preciado
|
Batting: RHB Dan Boykins
|
0-0: Called Strike 0-1: SINGLE (Groundball, 56S, EV 68.1 MPH) (infield hit)
|
Batting: RHB Mark Cahill
|
0-0: Ball 1-0: Called Strike 1-1: SINGLE (Groundball, 4M, EV 110.0 MPH) (infield hit) Dan Boykins to second
|
Batting: LHB Ken Compton
|
0-0: Foul Ball, location: 2F 0-1: Foul Ball, location: 2F 0-2: Ball 1-2: Ball 2-2: Fielders Choice at 2nd, 4-6 (Groundball, 4, EV 91.2 MPH) Dan Boykins to third
|
Batting: RHB Tim Nettles
|
0-0: Ball 1-0: Ball 2-0: Ball 3-0: Called Strike 3-1: Base on Balls Ken Compton to second
|
Batting: RHB Pavpv Ivanushkin
|
0-0: Ball 1-0: Foul Ball, location: 2F 1-1: Ball 2-1: Fly out, F6 (Line Drive, 6, EV 64.4 MPH)
|
Batting: RHB Terry Baginski
|
0-0: Called Strike 0-1: Ball 1-1: SINGLE (Groundball, 34D, EV 101.9 MPH) Dan Boykins scores Ken Compton to third Tim Nettles to second Runner from 3rd tries for Home, SAFE, throw by RF to home
|
Pitching: LHP Juan Perez
|
|
Batting: SHB Quido van Erp
|
0-0: Fly out, F5 (Popup, 56S, EV 85.0 MPH)
|
Top of the 5th over - 2 runs, 3 hits, 0 errors, 2 left on base; Memphis 5 - Reno 2 |
BOTTOM OF THE 5TH |
Reno Aces batting - Pitching for Memphis Redbirds : LHP John Fisher
|
Batting: RHB Scott Travis
|
0-0: Foul Ball, location: 2F 0-1: Ball 1-1: Foul Ball, location: 2F 1-2: Ball 2-2: Fly out, F7 (Flyball, 7D, EV 103.1 MPH)
|
Batting: RHB Alex Vasquez
|
0-0: Foul Ball, location: 2F 0-1: Ball 1-1: Ball 2-1: SINGLE (Groundball, 5S, EV 65.0 MPH) (infield hit)
|
Batting: LHB Chris Escobar
|
0-0: Reached on error, E5 (Groundball, 5, EV 89.4 MPH) Alex Vasquez to second
|
Batting: LHB Steve Reinhart
|
0-0: Foul Ball, location: 2F 0-1: Foul Ball, location: 2F 0-2: Ball 1-2: Strikes out looking
|
Batting: SHB Troy Maynard
|
0-0: Ball 1-0: Called Strike 1-1: Ball 2-1: Ball 3-1: Base on Balls Alex Vasquez to third Chris Escobar to second
|
Pitching: RHP Brian Sanderson
|
|
Batting: RHB John Gray
|
0-0: Called Strike 0-1: Ball 1-1: Foul Ball, location: 2F 1-2: Strikes out swinging
|
Bottom of the 5th over - 0 runs, 1 hit, 1 error, 3 left on base; Memphis 5 - Reno 2 |
TOP OF THE 6TH |
Memphis Redbirds batting - Pitching for Reno Aces : LHP Juan Perez
|
Batting: RHB Travis Leonard
|
0-0: SINGLE (Flyball, 34D, EV 97.5 MPH)
|
Batting: LHB Shigeru Ono
|
0-0: Ball 1-0: Grounds into double play, 4-6-3 (Groundball, 4, EV 86.2 MPH)
|
Batting: RHB Dan Boykins
|
0-0: Called Strike 0-1: Ball 1-1: Called Strike 1-2: Ball 2-2: Foul Ball, location: 2F 2-2: Strikes out swinging
|
Top of the 6th over - 0 runs, 1 hit, 0 errors, 0 left on base; Memphis 5 - Reno 2 |
BOTTOM OF THE 6TH |
Reno Aces batting - Pitching for Memphis Redbirds : RHP Brian Sanderson
|
Batting: RHB Tai Joo
|
0-0: Called Strike 0-1: Foul Ball, location: 2F 0-2: Strikes out swinging
|
Batting: RHB Paul Van Gilder
|
0-0: Ball 1-0: Ground out 5-3 (Groundball, 56, EV 85.0 MPH)
|
Batting: RHB Joe Smack
|
0-0: Ball 1-0: Ground out 6-3 (Groundball, 6, EV 91.2 MPH)
|
Bottom of the 6th over - 0 runs, 0 hits, 0 errors, 0 left on base; Memphis 5 - Reno 2 |
TOP OF THE 7TH |
Memphis Redbirds batting - Pitching for Reno Aces : LHP Juan Perez
|
Batting: RHB Mark Cahill
|
0-0: Called Strike 0-1: Ball 1-1: DOUBLE (Line Drive, 5D, EV 94.4 MPH)
|
Batting: LHB Ken Compton
|
0-0: Fly out, F7 (Flyball, 78S, EV 86.9 MPH)
|
Batting: RHB Tim Nettles
|
0-0: Called Strike 0-1: Ball Mark Cahill steals 3rd base 1-1: Fly out, F8 (Flyball, 8RD, EV 98.8 MPH) Runner from 3rd tags up, SCORES, no throw by CF
|
Batting: RHB Pavpv Ivanushkin
|
0-0: Foul Ball, location: 2F 0-1: Swinging Strike 0-2: Foul Ball, location: 2F 0-2: Ball 1-2: SINGLE (Groundball, 56D, EV 95.0 MPH)
|
Batting: RHB Terry Baginski
|
0-0: Called Strike 0-1: Called Strike 0-2: Strikes out swinging
|
Top of the 7th over - 1 run, 2 hits, 0 errors, 1 left on base; Memphis 6 - Reno 2 |
BOTTOM OF THE 7TH |
Reno Aces batting - Pitching for Memphis Redbirds : RHP Brian Sanderson
|
Batting: RHB Scott Travis
|
0-0: Called Strike 0-1: Foul Ball, location: 2F 0-2: TRIPLE (Flyball, 89XD, EV 101.2 MPH)
|
Batting: RHB Alex Vasquez
|
0-0: Foul Ball, location: 2F 0-1: Swinging Strike 0-2: Strikes out swinging
|
Batting: LHB Chris Escobar
|
0-0: Called Strike 0-1: Fly out, F7 (Flyball, 7LM, EV 92.5 MPH) Runner from 3rd tags up, SCORES, throw by LF
|
Batting: LHB Steve Reinhart
|
0-0: Ball 1-0: Ball 2-0: Ball 3-0: Called Strike 3-1: Base on Balls
|
Batting: SHB Troy Maynard
|
0-0: Foul Ball, location: 2F 0-1: Ball Steve Reinhart steals 2nd base 1-1: Swinging Strike 1-2: Foul Ball, location: 2F 1-2: Fly out, F8 (Flyball, 8RM, EV 89.4 MPH)
|
Bottom of the 7th over - 1 run, 1 hit, 0 errors, 1 left on base; Memphis 6 - Reno 3 |
TOP OF THE 8TH |
Memphis Redbirds batting - Pitching for Reno Aces : LHP Juan Perez
|
Batting: SHB Quido van Erp
|
0-0: Called Strike 0-1: Foul Ball, location: 2F 0-2: Strikes out swinging
|
Batting: RHB Travis Leonard
|
0-0: Ball 1-0: Called Strike 1-1: Ground out 4-3 (Groundball, 4MD, EV 85.6 MPH)
|
Batting: LHB Shigeru Ono
|
0-0: Ball 1-0: Swinging Strike 1-1: DOUBLE (Groundball, 3L, EV 105.0 MPH)
|
Batting: RHB Dan Boykins
|
0-0: Called Strike 0-1: Fly out, F7 (Line Drive, 7, EV 103.8 MPH)
|
Top of the 8th over - 0 runs, 1 hit, 0 errors, 1 left on base; Memphis 6 - Reno 3 |
BOTTOM OF THE 8TH |
Reno Aces batting - Pitching for Memphis Redbirds : RHP Brian Sanderson
|
Batting: RHB John Gray
|
0-0: Ball 1-0: Called Strike 1-1: Foul Ball, location: 2F 1-2: Ground out 4-3 (Groundball, 4, EV 83.8 MPH)
|
Batting: RHB Tai Joo
|
0-0: Ball 1-0: Foul Ball, location: 2F 1-1: Hit by Pitch
|
Batting: RHB Paul Van Gilder
|
0-0: Ball 1-0: Fly out, F7 (Flyball, 78D, EV 98.8 MPH)
|
Batting: RHB Joe Smack
|
0-0: Called Strike 0-1: Called Strike 0-2: Ball 1-2: Ball 2-2: Fielders Choice at 2nd, 6-4 (Groundball, 6, EV 106.2 MPH)
|
Bottom of the 8th over - 0 runs, 0 hits, 0 errors, 1 left on base; Memphis 6 - Reno 3 |
TOP OF THE 9TH |
Memphis Redbirds batting - Pitching for Reno Aces : LHP Juan Perez
|
Pitching: RHP Gerardo Camacho
|
|
Batting: RHB Mark Cahill
|
0-0: Ball 1-0: Swinging Strike 1-1: Ball 2-1: Ball 3-1: Called Strike 3-2: Base on Balls
|
Batting: LHB Ken Compton
|
0-0: Ball 1-0: Ball 2-0: DOUBLE (Line Drive, 7LS, EV 113.1 MPH) Mark Cahill to third
|
Batting: RHB Tim Nettles
|
0-0: Ball Wild Pitch! Mark Cahill scores Ken Compton to third 1-0: Ball 2-0: Foul Ball, location: 2F 2-1: Foul Ball, location: 2F 2-2: Strikes out swinging
|
Batting: RHB Pavpv Ivanushkin
|
0-0: Ball 1-0: Ball 2-0: Called Strike 2-1: Foul Ball, location: 2F 2-2: Ball 3-2: Base on Balls
|
Batting: RHB Terry Baginski
|
0-0: Ball 1-0: Ball 2-0: Ball 3-0: Called Strike 3-1: Base on Balls Pavpv Ivanushkin to second
|
Batting: SHB Quido van Erp
|
0-0: Ball 1-0: Called Strike 1-1: Foul Ball, location: 2F 1-2: Ball 2-2: Ball 3-2: Fly out, F6 (Line Drive, 6, EV 70.0 MPH)
|
Batting: RHB Travis Leonard
|
0-0: Ball 1-0: Ball 2-0: Ground out 1-3 (Groundball, 15S, EV 72.5 MPH)
|
Top of the 9th over - 1 run, 1 hit, 0 errors, 3 left on base; Memphis 7 - Reno 3 |
BOTTOM OF THE 9TH |
Reno Aces batting - Pitching for Memphis Redbirds : RHP Brian Sanderson
|
Pitching: RHP Josh Sabatino
|
|
Batting: RHB Scott Travis
|
0-0: Called Strike 0-1: Ball 1-1: Foul Ball, location: 2F 1-2: Fly out, F8 (Flyball, 89XD, EV 103.1 MPH)
|
Batting: RHB Alex Vasquez
|
0-0: Ball 1-0: Fly out, F6 (Line Drive, 6, EV 66.2 MPH)
|
Batting: LHB Chris Escobar
|
0-0: Ball 1-0: Foul Ball, location: 2F 1-1: Called Strike 1-2: Foul Ball, location: 2F 1-2: Ball 2-2: Strikes out swinging, 2-3 out at first.
|
Bottom of the 9th over - 0 runs, 0 hits, 0 errors, 0 left on base; Memphis 7 - Reno 3 |
|